 Dungeon Crawl Stone Soup version 0.28-a0-1477-g273aa18710 (webtiles) character file.

Game seed: 14460265622604388302

571 Cheeritup the Conjurer (level 7, -1/52 HPs)
             Began as a Red Draconian Conjurer on Jan 11, 2022.
             Was an Initiate of Vehumet.
             Slain by an orc warrior (14 damage)
             ... on level 4 of the Dungeon.
             The game lasted 00:18:31 (5973 turns).

Cheeritup the Conjurer (Red Draconian Conjurer)     Turns: 5973, Time: 00:18:32

Health: -1/52      AC:  7    Str:  9    XL:     7   Next: 11%
Magic:  10/10      EV: 12    Int: 20    God:    Vehumet [......]
Gold:   126        SH:  5    Dex: 10    Spells: 7/10 levels left

rFire   + . .      SeeInvis .   j - +4 dagger
rCold   . . .      Faith    .   b - +1 buckler
rNeg    . . .      Spirit   .   (armour unavailable)
rPois   .          Reflect  .   (helmet restricted)
rElec   .          Harm     .   (no cloak)
rCorr   .          Rampage  .   (no gloves)
Will    .....                   p - +0 pair of boots
Stlth   ++........              (no amulet)
HPRegen 0.17/turn               (no ring)
MPRegen 0.12/turn               (no ring)

@: no status effects
A: breathe fire, AC +6, unfitting armour, fire resistance 1, cold-blooded
a: Breathe Fire, Renounce Religion


You were on level 4 of the Dungeon.
You worshipped Vehumet.
Vehumet was noncommittal.
You visited 2 branches of the dungeon, and saw 6 of its levels.

You collected 126 gold pieces.

Inventory:

Hand Weapons
 h - a +0 trident
 j - a +4 dagger (weapon)
Missiles
 d - 4 boomerangs of dispersal
 m - 6 javelins
Armour
 b - a +1 buckler (worn)
 p - a +0 pair of boots (worn)
Magical Staves
 i - a staff of air
Wands
 n - a wand of flame (16)
Scrolls
 f - a scroll of teleportation {unknown}
 k - a scroll of brand weapon {unknown}
Potions
 c - a potion of invisibility {unknown}
 g - a potion of heal wounds {unknown}
 l - a potion of flight {unknown}
 o - a potion of attraction {unknown}


   Skills:
 - Level 1.0 Fighting
 - Level 1.5 Staves
 - Level 1.4 Throwing
 - Level 4.0 Dodging
 - Level 2.0 Stealth
 - Level 2.0 Shields
 - Level 2.1 Spellcasting
 + Level 6.0 Conjurations
 - Level 1.0 Hexes
 - Level 1.0 Air Magic
 - Level 1.0 Evocations


You had 7 spell levels left.
You knew the following spells:

 Your Spells              Type           Power      Damage    Failure   Level
a - Magic Dart            Conj           100%       1d8       1%          1
b - Searing Ray           Conj           52%        2d6       2%          2

Your spell library contained the following spells:

 Spells                   Type           Power      Damage    Failure   Level
 Dazzling Flash           Conj/Hex       32%        N/A       14%         3
 Corpse Rot               Necr/Air       8%         N/A       26%         2
 Poisonous Vapours        Pois/Air       8%         N/A       26%         2
 Fulminant Prism          Conj/Hex       8%         3d7       43%         4
 Iskenderun's Mystic Bla  Conj/Tloc      14%        2d5       52%         4


Dungeon Overview and Level Annotations

Branches:
Dungeon (5/15)             Temple (1/1) D:4

Altars:
Ashenzari
Cheibriados
Elyvilon
Gozag
Kikubaaqudgha
Makhleb
Nemelex Xobeh
Okawaru
Ru
Trog
Uskayaw
Vehumet
Wu Jian
Xom
Yredelemnul
The Shining One

Shops:
D:2 !

Annotations:
D:4 Grinder


Innate Abilities, Weirdness & Mutations

You can breathe blasts of fire.
Your fiery red scales are hard. (AC +6)
You cannot fit into any form of body armour.
Your flesh is heat resistant. (rF+)
You are cold-blooded and may be slowed by cold attacks.


Message History

Aim: an orc warrior, wielding a +0 long sword and wearing a +0 chain mail (heavily wounded, 100% to hit)
The magic dart hits the orc warrior.
The orc warrior is heavily wounded.
The orc warrior hits you with a +0 long sword!
* * * LOW HITPOINT WARNING * * *
You are confused.
You feel invigorated.
The orc warrior hits you with a +0 long sword!
* * * LOW HITPOINT WARNING * * *
The orc warrior hits you with a +0 long sword.
* * * LOW HITPOINT WARNING * * *
The orc warrior hits you with a +0 long sword!
* * * LOW HITPOINT WARNING * * *
You barely miss the orc warrior.
Your tail-slap misses the orc warrior.
The orc warrior is heavily wounded.
The orc warrior closely misses you.
You bump into the rock wall.
You feel less invigorated.
You feel less confused.
The orc warrior hits you with a +0 long sword!
* * * LOW HITPOINT WARNING * * *
Unknown command.
You feel better. The orc warrior barely misses you.
You are confused.
You feel invigorated.
The orc warrior hits you with a +0 long sword!
* * * LOW HITPOINT WARNING * * *
The orc warrior hits you with a +0 long sword!
* * * LOW HITPOINT WARNING * * *
You bump into the rock wall.
The orc warrior barely misses you.
You bump into the rock wall.
The orc warrior hits you but does no damage.
The orc warrior hits you with a +0 long sword.
* * * LOW HITPOINT WARNING * * *
You're too confused to move!
You feel less invigorated.
You feel less confused. The orc warrior misses you.
The orc warrior hits you with a +0 long sword.
* * * LOW HITPOINT WARNING * * *
The orc warrior hits you with a +0 long sword!
You die...

#.##.##.# #.##.##.#
#.#..##.### #.........#
###
......#.#.#####.##########
#.#..........#...........#
..........##.#...........#
..........##.#...o.......#
................@........#
......#.#.......##########
### ........#.......#
#####.. ................#
###......
................#
##........
................#
#......###
#....#..........#
##...####
#....#.....##...# #...##
................# ##...#


You could see an orc warrior.

Vanquished Creatures
  A water moccasin (D:4)
  An ogre (D:4)
  2 bullfrogs (D:4)
  A howler monkey (D:4)
  Robin (D:3)
  5 gnolls
  4 adders
  An adder skeleton (D:4)
  2 worms
  A dart slug (D:2)
  8 orcs
  4 ball pythons
  8 endoplasms
  A giant cockroach (D:2)
  17 goblins
  9 hobgoblins
  10 jackals
  2 quokkas
  2 bats
  A frilled lizard (D:3)
  5 kobolds
  4 rats
90 creatures vanquished.

Notes
Turn   | Place    | Note
-------+----------+-------------------------------------------
     0 | D:1      | Cheeritup the Draconian Conjurer began the quest for the
                  | Orb.
     0 | D:1      | Reached XP level 1. HP: 14/14 MP: 3/3
   325 | D:1      | Found a faded altar of an unknown god.
   411 | D:1      | Reached XP level 2. HP: 20/20 MP: 1/5
   583 | D:1      | Reached skill level 1 in Fighting
   827 | D:1      | Reached XP level 3. HP: 28/28 MP: 0/6
  1471 | D:2      | Found Buet's Distillery.
  1546 | D:2      | Learned a level 2 spell: Searing Ray
  1906 | D:2      | Reached XP level 4. HP: 35/35 MP: 4/7
  2388 | D:3      | Reached skill level 1 in Staves
  2450 | D:3      | Reached skill level 1 in Air Magic
  2450 | D:3      | Reached skill level 1 in Evocations
  2462 | D:3      | Noticed Robin
  2546 | D:2      | Reached skill level 5 in Conjurations
  2756 | D:3      | Killed Robin
  2757 | D:3      | Reached skill level 1 in Hexes
  3308 | D:3      | Reached XP level 5. HP: 40/40 MP: 6/8
  3563 | D:3      | Found a bloodstained altar of Trog.
  4096 | D:4      | Noticed Grinder
  4133 | D:4      | Reached skill level 1 in Throwing
  4251 | D:4      | Noticed an ogre
  4360 | D:4      | Reached XP level 6. HP: 47/47 MP: 2/9
  4431 | D:4      | Noticed a water moccasin
  4454 | D:4      | Killed a water moccasin
  4455 | D:4      | Reached skill level 1 in Shields
  4785 | D:4      | Found a staircase to the Ecumenical Temple.
  4794 | Temple   | Entered the Ecumenical Temple
  4911 | Temple   | Became a worshipper of Vehumet
  5448 | D:4      | Reached skill level 6 in Conjurations
  5448 | D:4      | Your scales start taking on a fiery red colour.
  5448 | D:4      | Reached XP level 7. HP: 52/52 MP: 3/10
  5448 | D:4      | Gained mutation: Your flesh is heat resistant. (rF+) [Red
                  | Draconian growth]
  5686 | D:5      | Entered Level 5 of the Dungeon
  5967 | D:4      | HP: 2/52 [orc warrior (12)]
  5973 | D:4      | Slain by an orc warrior

Illustrated notes

Levels and vault maps discovered:
D:1:      psy_arrival_terrarium, layout_basic,
          hellmonk_ecumenical_altar_slurped_away
D:2:      layout_loops_ring, serial_shops, nicolae_shop_trees
D:3:      layout_basic, mainiacjoe_overflow_concentric_impassable, uniq_robin
D:4:      layout_basic, minmay_temple_entry_antechambers, serial_curves,
          eino_curves_03, eino_curves_04, eino_curves_04, eino_curves_02,
          uniq_grinder
D:5:      layout_cave_pods, serial_shops, shop_statue
Temple:   regret_index_temple_waves

Skill      XL: |  1  2  3  4  5  6  7 |
---------------+----------------------+-----
Dodging        | 2 3 4 |  4.0
Stealth        | 2 |  2.0
Fighting       | 1 |  1.0
Staves         | 1 |  1.5
Air Magic      | 1 |  1.0
Evocations     | 1 |  1.0
Conjurations   | 5 6 |  6.0
Hexes          | 1 |  1.0
Throwing       | 1 |  1.4
Shields        | 2 |  2.0
Spellcasting   | |  2.1

Action                   |  1- 3 |  4- 6 |  7- 9 || total
-------------------------+-------+-------+-------++-------
Melee: Unarmed           |     5 |       |       ||     5
       Tailslap          |     6 |     2 |     2 ||    10
       Dagger            |    52 |    18 |    10 ||    80
       Staff             |    18 |       |       ||    18
 Cast: Magic Dart        |    67 |    98 |    18 ||   183
       Searing Ray       |     1 |    11 |     2 ||    14
  Use: Scroll            |       |     8 |       ||     8
       Potion            |       |       |     3 ||     3
Armor: Skin              |    35 |    20 |    16 ||    71
Dodge: Dodged            |    65 |    45 |    23 ||   133
Block: Buckler           |       |     5 |    11 ||    16

Table legend: (Time is in decaauts)
 A = Elapsed time spent in this place.
 B = Non-inter-level travel time spent in this place.
 C = Inter-level travel time spent in this place.
 D = Time resting spent in this place.
 E = Time spent auto-exploring this place.
 F = Levels seen in this place.
 G = Mean time per level.
                   A        B        C        D        E       F      G
               +--------+--------+--------+--------+--------+-----+--------+
         Total |   5987 |   5772 |    215 |   1091 |   3757 |   6 |  997.8 |
       Dungeon |   5837 |   5665 |    172 |   1091 |   3665 |   5 | 1167.4 |
        Temple |    150 |    107 |     43 |      0 |     92 |   1 |  150.0 |
               +--------+--------+--------+--------+--------+-----+--------+

Top non-repeatable levels by time:
     D:4: 1680 daAuts
     D:3: 1556 daAuts
     D:2: 1377 daAuts
     D:1: 1154 daAuts
  Temple: 150 daAuts
     D:5: 68 daAuts
